← All builds
Air / Cortex / Economy first / OBSERVED BUILD

Standard air

Cortex Air build order · Supreme Isthmus

Economy-first air build: Aircraft Plant then Advanced Metal Extractor and Fusion Reactor, making transports and scouts for allies while transitioning into fighters and occasional bombers over the whole game.

Usually transports first (78%)

#eco #air #team support · 1506 distinct matches · 252 players · 81% of Cortex Air games · team won 46% of 1811 · Recently observed

HOW TO PLAY IT

Key timing: Aircraft Plant by 1:24

  1. Open 3 mex and wind, then drop Aircraft Plant early.
  2. Finish Aircraft Plant and start fighters for scouting and defense.
  3. Eat the Aircraft Plant once production needs outgrow it.
  4. Get Advanced Metal Extractor up to scale eco.
  5. Bring Fusion Reactor online and keep feeding transports, scouts, fighters to allies.

Phase by phase

TYPICAL OF ITS 1506 GAMES
  1. 1
  2. 2
  3. 3
PLAY THE OPENING

Follow the example game's first 6:00 step by step: what to build now, what comes next, and where it goes. At 1× it keeps pace with your own game.

  1. 1

    Up to the Aircraft Plant

    Economy
    • Metal Extractor3Mex
    • Wind Turbine4Wind
    Order
    1. Aircraft PlantAircraft Plant after 3 mex, 4 winddone ~1:26, middle half 1:14–1:35

    Some games also: energy storage (38%)

    By 1:07 in all: 3 mex · 4 wind

    The example game in this phase · 3 steps
    1. Mex ×3
    2. Wind ×2
    3. Aircraft PlantAircraft Plantdone 1:02 · typical 1:26
  2. 2

    Aircraft Plant to 5:00

    Economy
    • Metal Extractor1Mex
    • Wind Turbine9Wind
    • Wind Turbine3Wind
    Builders
    • Construction Turret2 Con turret
    • Construction Aircraft1 Con aircraft
    Army
    • Valiant5 Valiant
    • Hercules2 Light transport for allies
    • Finch2 Finch for allies
    • Finch1 Finch
    • Hephaestus1 Heavy transport for allies

    Some games also: shuriken (49%) · energy storage (45%) · converter (44%) · light transport (40%)

    By 5:00 in all: 3 mex · 1 mex · 13 wind · 3 wind · 1 energy storage · 2 con turret

    The example game in this phase · 25 steps
    1. Wind
    2. FinchFinch
    3. Wind
    4. HephaestusHeavy transportfor Beach sea
    5. Wind ×5
    6. FinchFinchfor Beach sea
    7. Wind
    8. HerculesLight transportfor Geo sea
    9. FinchFinchfor Geo sea
    10. Wind
    11. ValiantValiant
    12. Wind
    13. Energy storage
    14. ValiantValiant
    15. Wind ×3
    16. ValiantValiant
    17. Mex
    18. Wind ×3
    19. ValiantValiant ×2
    20. Con turret
    21. ValiantValiant ×3
    22. Converter
    23. Construction AircraftCon aircraft
    24. Con turret
    25. ValiantValiant ×2
  3. 3

    5:00 to 10:00

    Economy
    • Wind Turbine21Wind
    • Wind Turbine5Wind
    • Energy Converter6Converter
    Order
    1. Aircraft PlantEat Aircraft Plant
    2. Aircraft PlantAircraft Plant after 19 wind, 18 wind, 7 converterin 58% of games
    Builders
    • Construction Turret3 Con turret
    Army
    • Valiant9 Valiant

    Some games also: shuriken (47%) · fusion (38%) · con aircraft (35%) · light transport (31%)

    By 10:00 in all: 3 mex · 1 mex · 25 wind · 20 wind · 8 converter · 1 energy storage

    The example game in this phase · 211 steps
    1. Con turret
    2. HerculesLight transportfor Tech
    3. Wind
    4. ValiantValiant
    5. Wind
    6. ValiantValiant
    7. Wind
    8. ValiantValiant
    9. Advanced Metal ExtractorT2 mexdone 6:29 · typical 6:54
    10. Wind
    11. Aircraft PlantEat Aircraft Plantreclaimed for its metal
    12. Wind
    13. Advanced Metal ExtractorT2 mex
    14. Wind ×3
    15. Advanced Metal ExtractorT2 mex
    16. Wind ×2
    17. Bot LabBot Labdone 7:33
    18. Advanced Metal ExtractorT2 mex
    19. Construction BotCon bot
    20. Wind
    21. Construction BotCon bot
    22. Wind
    23. Construction BotCon bot
    24. Wind ×2
    25. Construction BotCon bot
    26. Wind
    27. Converter
    28. Construction BotCon bot
    29. Wind
    30. Aircraft PlantAircraft Plantdone 8:33
    31. Construction BotCon bot
    32. Converter
    33. Wind
    34. Construction BotCon bot
    35. Wind ×2
    36. Construction BotCon bot
    37. Wind ×3
    38. Construction BotCon bot
    39. HephaestusHeavy transportfor Tech
    40. Wind ×3
    41. Construction BotCon bot
    42. Wind ×14
    43. ValiantValiant
    44. Wind ×2
    45. ValiantValiant
    46. Con turret
    47. Wind ×8
    48. Con turret
    49. Wind ×2
    50. ValiantValiant
    51. Wind
    52. Con turret
    53. Wind
    54. T2 converter
    55. Wind ×3
    56. Con turret
    57. Wind ×6
    58. Bot LabEat Bot Labreclaimed for its metal
    59. Wind
    60. ValiantValiant
    61. Wind ×5
    62. ValiantValiant
    63. Wind ×13
    64. ShurikenShuriken
    65. Wind ×2
    66. ShurikenShuriken
    67. Wind ×2
    68. ShurikenShuriken
    69. Wind ×3
    70. ShurikenShuriken
    71. Wind
    72. ShurikenShuriken
    73. Wind
    74. FinchFinch
    75. Wind ×3
    76. FinchFinch
    77. Wind
    78. FinchFinch
    79. ValiantValiant
    80. Wind ×5
    81. ValiantValiant
    82. Wind
    83. WhirlwindWhirlwind
    84. Wind ×2
    85. WhirlwindWhirlwind
    86. Wind ×3
    87. WhirlwindWhirlwind
    88. Wind ×4
    89. WhirlwindWhirlwind
    90. Wind
    91. WhirlwindWhirlwind
    92. Wind ×4
    93. WhirlwindWhirlwind
    94. Wind ×3
    95. WhirlwindWhirlwind
    96. Wind ×4
    97. WhirlwindWhirlwind
    98. Wind ×4
    99. WhirlwindWhirlwind
    100. Wind ×5
    101. WhirlwindWhirlwind
    102. Wind ×5
    103. ValiantValiant
    104. Wind
    105. ValiantValiant
    106. Wind ×4
    107. ValiantValiant
    108. Wind
    109. ValiantValiant
    110. T2 converter
    111. Wind ×2
    112. ValiantValiant
    113. Wind
    114. Con turret
    115. Wind ×8
    116. ValiantValiant
    117. Wind ×11
    118. ValiantValiant
    119. Wind ×5
    120. ValiantValiant
    121. Wind ×2
    122. Con turret
    123. ValiantValiant
    124. Wind ×6
    125. T2 converter
    126. Wind ×2
    127. ValiantValiant
    128. Wind ×13
    129. Con turret
    130. ValiantValiant
    131. Wind ×3
    132. Con turret
    133. Wind ×4
    134. ValiantValiant
    135. Wind
    136. ValiantValiant
    137. Wind ×2
    138. ValiantValiant
    139. Wind ×6
    140. ValiantValiant
    141. Wind ×3
    142. ValiantValiant
    143. Wind ×2
    144. ValiantValiant
    145. Wind ×2
    146. ValiantValiant ×2
    147. Wind ×2
    148. ValiantValiant
    149. Wind ×2
    150. ValiantValiant
    151. Wind ×2
    152. ValiantValiant
    153. Wind
    154. ValiantValiant ×2
    155. Wind ×3
    156. ValiantValiant
    157. Wind
    158. ValiantValiant
    159. Wind ×2
    160. ValiantValiant
    161. Wind ×2
    162. ValiantValiant ×2
    163. Wind ×2
    164. ValiantValiant
    165. Wind ×3
    166. ValiantValiant
    167. Wind ×2
    168. ValiantValiant ×2
    169. Wind ×2
    170. ValiantValiant
    171. Wind ×3
    172. ValiantValiant
    173. Wind
    174. ValiantValiant
    175. Wind
    176. ValiantValiant
    177. Wind ×2
    178. Con turret
    179. ValiantValiant
    180. Wind ×2
    181. Con turret
    182. Wind ×4
    183. Con turret
    184. ValiantValiant
    185. Wind ×2
    186. Con turret
    187. Wind
    188. ValiantValiant
    189. Wind ×2
    190. ValiantValiant
    191. Wind
    192. ValiantValiant
    193. Wind
    194. ValiantValiant ×2
    195. Wind
    196. ValiantValiant
    197. Wind ×3
    198. ValiantValiant ×2
    199. Wind
    200. ValiantValiant
    201. Wind
    202. ValiantValiant
    203. Wind ×2
    204. ValiantValiant
    205. Wind ×2
    206. ValiantValiant
    207. Wind ×2
    208. ValiantValiant ×3
    209. Wind ×3
    210. ValiantValiant
    211. Wind ×2

Counts are medians over the build's games: half of them build more, half fewer. The example game is Afussy's (33 OS, 09/09/2026); pick another.

Team trades

IN AT LEAST 30% OF ITS GAMES

You hand over

  • Finch2 Finch to Geo sea or Beach seafirst at 1:50 · in 96% of games
  • Hercules3 Light transport to Tech or Geo sea or Beach seafirst at 2:06 · in 99% of games
  • Hephaestus1 Heavy transport to Beach sea or Pond or Techfirst at 2:23 · in 72% of games

You get

  • Wind Turbine3 Wind from Beach sea or Geo seafirst at 1:37 · in 64% of games
  • Wind Turbine3 Wind from Beach sea or Geo sea or Pondfirst at 1:42 · in 46% of games
  • Construction Bot1 Con bot from Techfirst at 2:23 · in 88% of games
  • Advanced Construction Bot1 T2 con bot from Techfirst at 6:05 · in 96% of games

How it plays out

Typical game of this build, running totals by minute

Metal produced

010k20k30k
0:005:0010:0015:00

metal

Enemy metal destroyed

01k2k
0:005:0010:0015:00

metal

Own metal lost

01k2k3k
0:005:0010:0015:00

metal

1811 games.

Show as table
ByMetal produced: This buildEnemy metal destroyed: This buildOwn metal lost: This build
1:0039200
2:0092300
3:00145600
4:002052051
5:0027635173
6:003707102124
7:005089146167
8:006902190219
9:009284230270
10:0011758292380
11:0014356369536
12:0017069512781
13:00198597811102
14:002270412641689
15:002573618132420
WHAT THE NUMBERS SAY

Standard air play wins less than half its games, with very low combat losses and kills since the role mostly supports rather than fights.

  • + Own metal lost stays very low, only 2701 by 15:00.
  • + Metal production reaches 25740 by 15:00, a strong support economy.
  • − Team wins under half of games (47%).
  • − Enemy metal destroyed stays low at 2097 by 15:00, showing little direct impact.
THE EXAMPLE YOU ARE READING

Afussy

33.1 OS · 09/09/2026

Open source match ↗

7 received units · includes a constructor
877 metal received · 39169 energy received

Allied construction assistance is unknown. Timings are observations, not a promise of solo reproducibility.

Typical milestones

Aircraft Plant1:26Middle 50%: 1:14–1:35 · n=1811
Advanced Metal Extractor6:54Middle 50%: 6:27–7:26 · n=1751
Fusion Reactor10:53Middle 50%: 9:45–12:17 · n=1159

Played most by

TheGeneraI114games of this buildDad_The_Speedrunner72games of this buildHunfore62games of this buildDRM52games of this buildMilkdragon52games of this build
Standard air · Cortex Air build order · BAR Build Atlas